 Dungeon Crawl Stone Soup version 0.12.2-35-g1c9f977 (webtiles) character file.

870 Sachiko the Tainter (level 7, 0/55 HPs)
             Began as a Naga Venom Mage on Sept 10, 2013.
             Slain by an ogre
             ... wielding a +0,+0 giant club
              (15 damage)
             ... on Level 5 of the Dungeon.
             The game lasted 00:22:43 (3472 turns).

Sachiko the Tainter (Naga Venom Mage)               Turns: 3472, Time: 00:22:43

HP   0/55        AC  5     Str 11      XL: 7   Next: 55%
MP  17/21        EV 10     Int 17      God:
Gold 211         SH  0     Dex 11      Spells:  2 memorised,  6 levels left

Res.Fire  : . . .   See Invis. : +   h - +2,+4 dagger (venom) (curse)
Res.Cold  : . . .   Warding    : .   a - +1 robe
Life Prot.: . . .   Conserve   : .   (no shield)
Res.Poison: +       Res.Corr.  : .   (no helmet)
Res.Elec. : .       Clarity    : .   e - +0 cloak
Sust.Abil.: . .     Spirit.Shd : .   (no gloves)
Res.Mut.  : .       Stasis     : .   (no barding)
Res.Rott. : .       Ctrl.Telep.: .   (no amulet)
Saprovore : . . .   Flight     : .   (no ring)
                                     p - cursed ring of magical power

@: very slightly contaminated, very slow, somewhat resistant to hostile
enchantments, fairly stealthy
A: spit poison, see invisible, deformed body, poison resistance, slowness 2, AC
+2
a: Spit Poison


You were on level 5 of the Dungeon.
You were not hungry.

You visited 1 branch of the dungeon, and saw 6 of its levels.

You collected 191 gold pieces.

Inventory:

Hand weapons
 h - a cursed +2,+4 dagger of venom (weapon)
Armour
 a - a +1 robe (worn)
 e - a +0 cloak (worn)
Magical devices
 g - a wand of fireball (4)
Comestibles
 d - 2 chokos
 f - 2 pears
 k - a banana
 l - a meat ration
 m - a bread ration
Scrolls
 i - 6 scrolls of identify
 j - 3 scrolls of remove curse
 n - a scroll of teleportation
 q - a scroll of enchant armour
 r - a scroll of magic mapping
Jewellery
 p - a cursed ring of magical power (left hand)
Books
 b - a Young Poisoner's Handbook

   Spells                             Type                      Level
   *Sting                             Conjuration/Poison           1
   Cure Poison                        Poison                       2
   *Mephitic Cloud                    Conjuration/Poison/Air       3
   Olgreb's Toxic Radiance            Poison                       4
   Venom Bolt                         Conjuration/Poison           5
 o - a Grand Grimoire {highlevel}

   This book is beyond your current level of understanding.

   Spells                             Type                      Level
   Demonic Horde                      Summoning                    6
   Mass Abjuration                    Summoning                    6
   Haunt                              Necromancy/Summoning         7
   Summon Greater Demon               Summoning                    7
   Malign Gateway                     Summoning/Translocation      7
   Summon Horrible Things             Summoning                    8


   Skills:
 - Level 1.5 Dodging
 - Level 3.0 Stealth
 + Level 1.1 Traps
 + Level 2.2 Spellcasting
 + Level 3.9 Conjurations
 * Level 9.5 Poison Magic


You had 6 spell levels left.
You knew the following spells:

 Your Spells              Type           Power        Failure   Level  Hunger
a - Sting                 Conj/Pois      ####.        1%          1    #......
b - Mephitic Cloud        Conj/Pois/Air  ####.....    10%         3    ####...


Dungeon Overview and Level Annotations

Branches:
Dungeon (6/27)
 Temple: D:4-7          Orc: D:6-11

Altars:
Xom


Innate Abilities, Weirdness & Mutations

You cannot wear boots.
You can spit poison.
Your serpentine skin is tough (AC +2).
You have supernaturally acute eyesight.
Armour fits poorly on your strangely shaped body.
Your system is resistant to poisons.
You cover ground very slowly.


Message History

Aiming: Sting
Press: ? - help, Shift-Dir - straight line, f/p - ogre
Aim: an ogre, wielding a giant club (severely wounded, poisoned)
The sting hits the ogre.
The ogre looks even sicker.
The ogre is severely wounded.
You have got your breath back.
The goblin throws a club.
The club hits you!
* * * LOW HITPOINT WARNING * * *
Casting: Sting
Confirm with . or Enter, or press ? or * to list all spells.
Aiming: Sting
Press: ? - help, Shift-Dir - straight line, f/p - ogre
Aim: an ogre, wielding a giant club (severely wounded, poisoned)
The sting hits the ogre.
The ogre is almost dead.
An adder comes into view.
You barely miss the ogre.
The ogre is almost dead.
The ogre hits you with a giant club!
You die...

. .### #### ##
.#####'#... .........
........... .........
........... ........
..........#### #...(...
.............# #....(..
#.............# #.......
?....>g.@.....####.......
.......gO................
(.......##%##.8.8##....#
#.......#% .#..>..#....#
##.......# #.8......###
........)# #...+.......
.#.......#####..##....###
#.........(....##....#
#......S........#....#


You could see an ogre, an adder (wandering) and 2 goblins.

Vanquished Creatures
  Eustachio (D:4)
  3 ogres
  A hound (D:4)
  A gnoll shaman (D:4)
  An iguana (D:4)
  Jessica (D:2)
  2 adders
  4 gnolls
  An inept feature mimic (D:5)
  3 worms
  4 giant geckos
  2 oozes
  4 orcs (D:4)
  7 bats
  4 giant cockroaches
  13 goblins
  10 hobgoblins
  4 jackals (D:2)
  A ball python (D:3)
  4 giant newts
  A jackal skeleton (D:4)
  5 kobolds
  5 quokkas
  6 rats
  2 rat skeletons (D:4)
90 creatures vanquished.

Notes
Turn   | Place    | Note
--------------------------------------------------------------
     0 | D:1      | Sachiko, the Naga Venom Mage, began the quest for the Orb.
     0 | D:1      | Reached XP level 1. HP: 15/15 MP: 3/3
   205 | D:1      | Reached XP level 2. HP: 14/22 MP: 2/4
   353 | D:1      | Reached skill level 6 in Poison Magic
   383 | D:1      | Paralysed by a potion of paralysis for 2 turns
   648 | D:2      | Reached XP level 3. HP: 6/28 MP: 1/5
   912 | D:2      | Noticed Jessica
   917 | D:2      | Killed Jessica
   917 | D:2      | Reached skill level 7 in Poison Magic
  1016 | D:2      | Reached XP level 4. HP: 34/36 MP: 2/7
  1036 | D:2      | Learned a level 3 spell: Mephitic Cloud
  1406 | D:3      | Noticed an ogre
  1418 | D:3      | Killed an ogre
  1418 | D:3      | Reached skill level 1 in Conjurations
  1418 | D:3      | Reached skill level 8 in Poison Magic
  1418 | D:3      | Reached XP level 5. HP: 14/42 MP: 4/8
  1834 | D:3      | Found a shimmering altar of Xom.
  2068 | D:4      | Reached XP level 6. HP: 47/49 MP: 2/9
  2109 | D:4      | Noticed Eustachio
  2126 | D:4      | Killed Eustachio
  2388 | D:4      | Noticed an ogre
  2407 | D:4      | Killed an ogre
  2407 | D:4      | Reached skill level 9 in Poison Magic
  2407 | D:4      | Reached XP level 7. HP: 35/55 MP: 12/12
  2482 | D:4      | Noticed an ogre
  2494 | D:4      | Killed an ogre
  2494 | D:4      | Reached skill level 1 in Traps
  3098 | D:5      | Entered Level 5 of the Dungeon
  3472 | D:5      | Slain by an ogre

Action                   |  1- 3 |  4- 6 |  7- 9 || total
-------------------------+-------+-------+-------++-------
Melee: Dagger            |    24 |    66 |    71 ||   161
       Unarmed           |     3 |       |       ||     3
 Cast: Sting             |    30 |    59 |    43 ||   132
       Mephitic Cloud    |       |       |     6 ||     6
 Abil: Spit Poison       |     3 |     5 |     6 ||    14
Evoke: Wand              |     1 |       |     1 ||     2
  Use: Scroll            |     9 |     4 |     3 ||    16
       Potion            |     3 |     3 |     2 ||     8
 Stab: Sleeping          |     1 |     4 |       ||     5
       Confused          |       |       |     1 ||     1
